 Dungeon Crawl Stone Soup version 0.28-a0-1555-g9ae15a6949 (webtiles) character file.

Game seed: 12608418743834702698

135 Shayle the Grasshopper (level 4, -7/35 HPs)
             Began as a Demonspawn Warper on Jan 18, 2022.
             Mangled by an ogre (17 damage)
             ... on level 5 of the Dungeon.
             The game lasted 00:04:55 (3394 turns).

Shayle the Grasshopper (Demonspawn Warper)          Turns: 3394, Time: 00:04:56

Health: -7/35      AC:  3    Str: 12    XL:     4   Next: 96%
Magic:  8/8        EV: 12    Int: 16    God:
Gold:   176        SH:  5    Dex: 12    Spells: 8/8 levels left

rFire   . . .      SeeInvis .   d - +3 dagger
rCold   . . .      Faith    .   (no shield)
rNeg    . . .      Spirit   .   a - +0 leather armour
rPois   .          Reflect  +   (helmet restricted)
rElec   .          Harm     .   (no cloak)
rCorr   .          Rampage  .   (no gloves)
Will    .....                   (no boots)
Stlth   +.........              l - amulet of reflection
HPRegen 0.11/turn               (no ring)
MPRegen 0.11/turn               (no ring)

@: no status effects
A: horns 2, powered by pain 1
a: no special abilities


You were on level 5 of the Dungeon.
You visited 1 branch of the dungeon, and saw 5 of its levels.

You collected 176 gold pieces.

Inventory:

Hand Weapons
 d - a +3 dagger (weapon)
Missiles
 c - a boomerang of dispersal (quivered)
 k - 4 boomerangs
 r - 4 poisoned darts
Armour
 a - a +0 leather armour (worn)
Jewellery
 i - an amulet of faith
 l - an amulet of reflection (around neck)
Scrolls
 b - a scroll of blinking
 j - a scroll of vulnerability {unknown}
 m - a scroll of teleportation
 o - a scroll of identify
 q - a scroll of immolation
Potions
 e - a potion of haste {unknown}
 f - a potion of attraction {unknown}
 g - 2 potions of heal wounds
 h - a potion of resistance {unknown}
 n - a potion of ambrosia {unknown}
 p - a potion of cancellation {unknown}


   Skills:
 + Level 3.0 Fighting
 - Level 0.8 Throwing
 - Level 0.8 Armour
 + Level 2.7 Dodging
 - Level 1.7 Unarmed Combat
 + Level 2.9 Spellcasting
 + Level 3.5 Translocations


You had 8 spell levels left.
You didn't know any spells.
Your spell library contained the following spells:

 Spells                   Type           Power      Damage    Failure   Level
 Blink                    Tloc           26%        N/A       9%          2
 Gell's Gravitas          Tloc           13%        N/A       17%         3
 Lesser Beckoning         Tloc           13%        N/A       17%         3
 Teleport Other           Tloc           13%        N/A       17%         3
 Stone Arrow              Conj/Erth      4%         3d7       58%         3
 Manifold Assault         Tloc           13%        N/A       85%         5
 Animate Armour           Summ/Erth      4%         N/A       94%         4
 Lehudib's Crystal Spear  Conj/Erth      1%         10d2      100%        8


Dungeon Overview and Level Annotations

Branches:
Dungeon (5/15)
 Temple: D:4-7

Altars:

Annotations:
D:3 3 runed translucent doors, issech's ghost, amateur DEAM


Innate Abilities, Weirdness & Mutations

You have a pair of horns on your head.
You sometimes gain a little power by taking damage.


Message History

Throw: 5 boomerangs (disperse)
Press: ? - help, Q - select action, (/) - cycle Shift-Dir - straight line, f - ogre
Aim: an ogre, wielding a +0 giant club (73% to hit)
You throw a boomerang of dispersal.
The boomerang of dispersal hits the ogre.
The ogre blinks!
Found a robe.
You see here 4 poisoned darts.
r - 4 poisoned darts Throw: 4 boomerangs (disperse)
Press: ? - help, Q - select action, (/) - cycle Shift-Dir - straight line, f/p - ogre
Aim: an ogre, wielding a +0 giant club (lightly wounded, 73% to hit)
You throw a boomerang of dispersal.
The boomerang of dispersal hits the ogre.
The ogre blinks!
The ogre is moderately wounded.
Throw: 3 boomerangs (disperse)
Press: ? - help, Q - select action, (/) - cycle Shift-Dir - straight line, f/p - ogre
Aim: an ogre, wielding a +0 giant club (moderately wounded, 73% to hit)
You throw a boomerang of dispersal.
The boomerang of dispersal hits the ogre but does no damage.
The ogre is moderately wounded.
Throw: 2 boomerangs (disperse)
Press: ? - help, Q - select action, (/) - cycle Shift-Dir - straight line, f/p - ogre
Aim: an ogre, wielding a +0 giant club (moderately wounded, 73% to hit)
You throw a boomerang of dispersal.
The boomerang of dispersal completely misses the ogre.
The ogre hits you with a +0 giant club!
You hit the ogre.
The ogre is moderately wounded.
Unknown command.
You hit the ogre. You headbutt the ogre!
The ogre is severely wounded.
The ogre hits you with a +0 giant club!
* * * LOW HITPOINT WARNING * * *
Unknown command.
You hit the ogre. You punch the ogre, but do no damage.
The ogre is severely wounded.
The ogre hits you with a +0 giant club!
You die...

##.# #.# #># #.# #.#
.. #.###....
########.......$
..###.........##....
..[.'..@......# ..
..###..O......#
#.........#
#.........#
#$........#
#.........#
###'####### #.#


You could see an ogre.

Vanquished Creatures
  A howler monkey zombie (D:4)
  3 adders
  A worm (D:2)
  2 dart slugs
  8 orcs
  5 bats
  4 endoplasms
  5 giant cockroaches
  6 hobgoblins
  6 jackals
  2 quokkas (D:1)
  9 ball pythons
  8 frilled lizards
  9 goblins
  5 kobolds
  A quokka skeleton (D:4)
  5 rats
80 creatures vanquished.

Notes
Turn   | Place    | Note
-------+----------+-------------------------------------------
     0 | D:1      | Shayle the Demonspawn Warper began the quest for the Orb.
     0 | D:1      | Reached XP level 1. HP: 16/16 MP: 3/3
   124 | D:1      | Discovered your monstrous ancestry.
   124 | D:1      | Gained mutation: You have a pair of small horns on your
                  | head. [demonic ancestry]
   124 | D:1      | Reached XP level 2. HP: 15/22 MP: 5/5
   682 | D:1      | Gained mutation: You sometimes gain a little power by
                  | taking damage. [demonic ancestry]
   682 | D:1      | Reached XP level 3. HP: 17/28 MP: 6/6
  1100 | D:1      | Found a faded altar of an unknown god.
  1949 | D:2      | Gained mutation: You have a pair of horns on your head.
                  | [demonic ancestry]
  1949 | D:2      | Reached XP level 4. HP: 34/34 MP: 7/7
  2421 | D:3      | Noticed issech's ghost (amateur DEAM)
  2533 | D:3      | Found a runed translucent gate.
  2533 | D:3      | Found a runed translucent gate.
  2533 | D:3      | Found a runed translucent gate.
  2857 | D:3      | Identified the -7 pair of gloves of Untruth {rF+}
  3208 | D:5      | Entered Level 5 of the Dungeon
  3381 | D:5      | Noticed an ogre
  3394 | D:5      | Mangled by an ogre

Illustrated notes

Levels and vault maps discovered:
D:1:      scummos_arrival_forest, layout_basic, ebering_ecumenical_altar_hall,
          st_stairs_7, minmay_pentomino_o4
D:2:      layout_basic, kennysheep_generic_room_10
D:3:      layout_basic, gammafunk_ghost_icy
D:4:      layout_loops_ring, goddamned_bats, uniq_edmund
D:5:      layout_basic, gammafunk_ghost_cemetery

Skill      XL: |  1  2  3  4 |
---------------+-------------+-----
Dodging        | 2 |  2.7
Translocations | 3 |  3.5
Fighting       | 3 |  3.0
Throwing       | |  0.8
Armour         | |  0.8
Unarmed Combat | |  1.7
Spellcasting   | |  2.9

Action                   |  1- 3 |  4- 6 || total
-------------------------+-------+-------++-------
Melee: Unarmed           |    44 |       ||    44
       Punch             |     4 |     2 ||     6
       Dagger            |    99 |    72 ||   171
       Headbutt          |    11 |    14 ||    25
Throw: Boomerang         |       |     4 ||     4
  Use: Scroll            |       |     3 ||     3
Armor: Leather armour    |    36 |    12 ||    48
Dodge: Dodged            |    84 |    29 ||   113
Block: Other             |       |    10 ||    10

Table legend: (Time is in decaauts)
 A = Elapsed time spent in this place.
 B = Non-inter-level travel time spent in this place.
 C = Inter-level travel time spent in this place.
 D = Time resting spent in this place.
 E = Time spent auto-exploring this place.
 F = Levels seen in this place.
 G = Mean time per level.
                   A        B        C        D        E       F      G
               +--------+--------+--------+--------+--------+-----+--------+
         Total |   3391 |   3352 |     39 |    159 |   2527 |   5 |  678.2 |
       Dungeon |   3391 |   3352 |     39 |    159 |   2527 |   5 |  678.2 |
               +--------+--------+--------+--------+--------+-----+--------+

Top non-repeatable levels by time:
     D:1: 1541 daAuts
     D:2: 829 daAuts
     D:3: 608 daAuts
     D:4: 224 daAuts
     D:5: 186 daAuts
